Map: 16-Bit LE

Players

YoungAvenger

  • Race: Terran Terran
  • League: Master
  • Spawn Location: 7:00

DGA - Winner!

  • Race: Zerg Zerg
  • League: Master
  • Spawn Location: 1:00

VOD

Have the link to the VOD?

Description

Time

  • Played on: Aug. 10, 2018, 11:49 p.m.
  • Length: 6:00
Show
View Real Time Build Order
Export as new Build Order

YoungAvenger Terran 

Build Orders:  

Get SALT Encoding   

  12  0:01  SCV  
  13  0:14  SCV  
  14  0:19  Supply Depot  
  14  0:26  SCV  
  15  0:31  Refinery  
  15  0:40  SCV  
  16  0:47  Barracks  
  16  0:52  SCV  
  17  1:04  SCV  
  18  1:21  SCV  
  18  1:24  Supply Depot  
  19  1:33  SCV  
  20  1:48  Orbital Command  
  20  2:14  Command Center  
  20  2:18  SCV  
  21  2:33  Supply Depot  
  21  2:41  Factory  
  21  2:48  Barracks Reactor  
  21  2:58  SCV  
  21  3:05  Refinery  
  21  3:10  SCV  
  22  3:22  SCV  
  22  3:34  Cyclone  
  25  3:45  SCV  
  26  3:50  Cyclone  
  26  3:53  SCV  
  30  3:58  SCV  
  31  4:09  SCV  
  29  4:17  SCV  
  28  4:44  Cyclone, Supply Depot  
  28  5:03  SCV  
  29  5:10  Orbital Command  
  29  5:23  SCV  
  30  5:34  Factory Reactor  
  27  5:41  SCV x2  
Show
View Real Time Build Order
Export as new Build Order

DGA Zerg - Winner!

Build Orders: Pool First, Ravager All-In 

Get SALT Encoding   

  12  0:03  Extractor  
  11  0:22  Spawning Pool  
  10  0:29  Drone  
  10  0:34  Drone  
  12  0:44  Drone  
  13  0:51  Drone  
  14  1:04  Overlord  
  14  1:22  Zergling x2  
  14  1:30  Extractor  
  13  1:33  Drone  
  13  1:39  Roach Warren  
  13  1:40  Extractor  
  13  1:46  Drone  
  14  1:54  Drone  
  15  2:02  Drone  
  15  2:06  Drone  
  17  2:21  Roach  
  18  2:28  Roach  
  20  2:40  Overlord  
  20  2:53  Roach  
  22  3:06  Ravager x2  
  22  3:08  Roach  
  26  3:13  Queen  
  26  3:14  Spore Crawler  
  27  3:24  Roach  
  29  3:33  Overlord  
  29  3:48  Ravager  
  29  3:49  Overlord  
  30  3:58  Ravager x2  
  31  4:20  Roach x3  
  34  4:32  Drone  
  34  4:33  Drone  
  36  4:45  Drone x2  
  38  4:58  Drone x2  
  38  4:59  Drone  
  38  5:03  Drone  
  39  5:13  Overlord  
  39  5:27  Overlord  
  35  5:44  Drone x4  
  35  5:47  Hatchery  
Tags
 
Matchup
TvZ
Opening
Pool First
Spawn Locations
Cross Positions
Add a new tag
Caveats
  • Supply blocks, unpowered buildings, or Contaminate may cause inaccurate times.
  • Supply counts are checked every 10 seconds.